[Event "Szansa Chess Open 2022"]
[Site "Warsaw"]
[Date "2022.09.18"]
[Round "8"]
[White "Piotrowski, Daniel"]
[Black "Fiszer, Bartosz"]
[Result "0-1"]
[ECO "B32"]
[WhiteElo "1758"]
[BlackElo "2232"]
[Annotator "TA"]
[PlyCount "130"]
[EventDate "2022.09.17"]
[EventCountry "POL"]
[SourceTitle "playchess.com"]
[Source "ChessBase"]
[SourceQuality "1"]
[TimeControl "900+10"]

1. e4 c5 2. Nf3 Nc6 3. d4 cxd4 4. Nxd4 e5 5. Nb5 d6 6. N1c3 a6 7. Na3 Be7 8. Bd3 {[%emt 0:01:01] B32: Sicilian: Löwenthal and Kalashnikov Variations.} Bg5 {[%emt 0:00:48] [#]} 9. Nc4 $146 ({Predecessor:} 9. O-O Bxc1 10. Qxc1 Nf6 11. Qe3 O-O 12. Rad1 b5 13. Nd5 Be6 14. f4 exf4 15. Qxf4 Bxd5 16. exd5 {0-1 (30) Zhu,L (1989)-Cornette,D (2378) Auckland 2016}) 9... Bxc1 10. Qxc1 {[%emt 0:00:39] The position is equal.} Nf6 11. Qg5 O-O 12. Ne3 Be6 13. O-O-O b5 14. Nf5 {[%emt 0:01:58] Inhibits h6.} Bxf5 15. Qxf5 Nd4 16. Qg5 Qa5 17. Kb1 b4 18. Ne2 {[%emt 0:00:26] Strongly threatening Nxd4.} Nxe2 19. Bxe2 Nxe4 20. Qe3 (20. Qf5 b3 $1 21. axb3 (21. Qxe4 $2 d5 $19) 21... Nd2+ 22. Rxd2 Qxd2 $17) 20... d5 $40 {[%emt 0:02:30][%mdl 128] With the idea ...Rab8. White needs to defend precisely.} 21. Bd3 ({Of course not} 21. f3 Nf6 22. f4 (22. Qxe5 $2 Rae8 $19) 22... Rfe8 23. fxe5 Qc7 $17) 21... f5 22. f3 Qc5 23. Qxc5 Nxc5 24. Be2 Rfd8 25. Rd2 (25. Rxd5 $1 $11 {keeps the balance.} Rxd5 26. Bc4) 25... Kf7 $17 26. Rhd1 {[%emt 0:00:02] [#]} d4 27. f4 Ne4 28. Bc4+ Kg6 {[%emt 0:00:51] Black is more active.} 29. Rd3 Nf2 ({Inferior is} 29... exf4 30. Rxd4 Rxd4 31. Rxd4 $17) 30. Rg3+ Kh6 31. Rf1 exf4 32. Rf3 (32. Rb3 $17 {was forced.} Ne4 33. Kc1) 32... Ne4 {[%emt 0:00:06] ...Nd2+ is the strong threat.} 33. Rh3+ Kg6 34. Kc1 {[%emt 0:00:01] Against Nd2} Rdc8 ({Black should try} 34... h5 $17 35. Bd3 Kg5) 35. Bd3 $1 $15 {[%emt 0:00:44] [#]} Ng5 (35... Kg5 $1 $17) 36. Rxf4 $2 {[%emt 0:00:52][%mdl 8192] White is on the road to losing.} (36. Rh4 $11 {and White stays safe.} f3 37. Rf4 fxg2 38. Bxf5+ Kh5 39. Rg1) 36... Nxh3 $19 37. gxh3 $11 {[%emt 0:00:29][%mdl 4096] Endgame KRR-KRB} Rf8 38. Rxd4 a5 39. Kd2 Kg5 40. Ke3 Rad8 41. Rc4 Rc8 42. h4+ Kf6 43. Rf4 g6 44. Kf3 Ke5 45. Kg3 h6 46. Rf1 g5 47. Re1+ Kf6 48. hxg5+ hxg5 49. Re2 Rh8 50. Rf2 f4+ 51. Kg2 Rc7 52. h3 Re7 {[%emt 0:00:07] White must now prevent ...Re3.} 53. Be2 Re3 54. Bf3 Rd8 {[%emt 0:00:11] Prevents Rd2.} 55. Kf1 Ke5 56. Bg4 a4 57. b3 a3 58. Kg2 Rd4 {[%emt 0:00:12] Threatens to win with ...Re1.} 59. Be2 Rd2 {[%emt 0:00:03][%csl LRc2,LRe2] Black mates.} 60. Kf1 Kd4 61. Rg2 Kc3 62. Rxg5 Rexe2 63. Rc5+ Kb2 64. h4 Rh2 65. Kg1 Rxc2 {[%emt 0:00:03] Weighted Error Value: White=0.48/Black=0.18 (very precise)} 0-1

[Event "Szansa Chess Open 2022"]
[Site "Warsaw"]
[Date "2022.09.18"]
[Round "8"]
[White "Mazur, Wojciech"]
[Black "Janeczko, Jakub"]
[Result "0-1"]
[ECO "E67"]
[WhiteElo "1629"]
[BlackElo "2159"]
[Annotator "TA"]
[PlyCount "56"]
[EventDate "2022.09.17"]
[EventCountry "POL"]
[SourceTitle "playchess.com"]
[Source "ChessBase"]
[SourceQuality "1"]
[TimeControl "900+10"]

1. Nf3 Nf6 2. c4 g6 3. Nc3 Bg7 4. g3 O-O 5. Bg2 d6 6. d4 Nbd7 7. e4 e5 8. O-O exd4 9. Nxd4 (9. Qxd4 Re8 10. Bg5 h6 11. Bxf6 Nxf6 $11) 9... c6 {[%emt 0:00:06] E68: King's Indian: Fianchetto: 6...Nbd7 7 0-0 e5 8 e4.} 10. Bg5 Qb6 11. Nb3 {[%emt 0:00:05] [#]} a5 $146 {[%emt 0:00:23][%cal Ba7a5,Ba5a4,Ba4b3][%mdl 32] The position is equal.} ({Predecessor:} 11... Ne5 12. Bxf6 Bxf6 13. Qxd6 Be6 14. Na4 Qd8 15. Qxd8 Rfxd8 16. f4 Nxc4 17. e5 Be7 {0-1 (66) Bansal,S (1751)-Mugalu,H (1836) London 2019}) 12. Qxd6 a4 13. Bxf6 (13. e5 $11 Ne8 14. Qa3) 13... Bxf6 $17 14. Bh3 $2 {[%emt 0:00:05] [#]} ({Not} 14. c5 $2 Qd8 15. Nd2 a3 $19) (14. Qa3 $17) 14... Bxc3 15. bxc3 axb3 16. Bxd7 (16. axb3 {is the only way for White.} Rxa1 17. Rxa1) 16... Rd8 17. c5 Qa5 ({Stronger than} 17... Rxd7 18. Qxd7 Bxd7 19. cxb6 $11) 18. axb3 Qxa1 19. Rxa1 Rxa1+ 20. Kg2 Rxd7 ({Don't blunder} 20... Bxd7 $2 21. Qc7 Raa8 22. Qxb7 $19) 21. Qe5 Rd8 {[%emt 0:00:04] Against Qe8+} 22. h4 (22. h3 $142) 22... h5 $19 23. g4 Bxg4 24. Qc7 Rd7 25. Qb8+ Kg7 26. f3 Be6 {[%emt 0:00:02] [#] And now ...Rd3 would win.} 27. Qe5+ Kh7 {[%emt 0:00:02] ...Rd2+ is the strong threat.} 28. f4 Ra2+ {[%emt 0:00:23] White did not feel at home in the position after the opening.  Weighted Error Value: White=1.76/Black=0.76} 0-1

[Event "Szansa Chess Open 2022"]
[Site "Warsaw"]
[Date "2022.09.18"]
[Round "9.1"]
[White "Psyk, Radoslaw"]
[Black "Lewicki, Miroslaw"]
[Result "1/2-1/2"]
[ECO "B50"]
[WhiteElo "2404"]
[BlackElo "2336"]
[Annotator "ChessBase"]
[PlyCount "137"]
[EventDate "2022.09.17"]
[EventCountry "POL"]
[SourceTitle "playchess.com"]
[Source "ChessBase"]
[SourceQuality "1"]
[TimeControl "900+10"]

1. e4 c5 2. Nf3 d6 3. c3 Nf6 4. Be2 g6 5. O-O Bg7 6. Bb5+ Bd7 7. Bxd7+ Nbxd7 8. Re1 O-O 9. d4 e5 10. dxe5 dxe5 11. Qe2 Qc7 12. c4 h6 13. Nc3 Rfe8 14. Nd5 Nxd5 15. cxd5 c4 16. a4 Rac8 17. Be3 a6 18. Rec1 b5 19. axb5 axb5 20. Ra7 Qd6 21. Rca1 Nc5 22. Nd2 Bf8 23. Qf3 Re7 24. Qh3 Rxa7 25. Rxa7 Qb8 26. Ra5 Rc7 27. g3 Nd3 28. Ra6 Qc8 29. Qxc8 Rxc8 30. Rb6 b4 31. d6 c3 32. bxc3 bxc3 33. Nb3 Rd8 34. Rc6 Rxd6 35. Rxc3 Rd8 36. Bb6 Rb8 37. Bc7 Rb7 38. Rxd3 Rxc7 39. Kg2 Kg7 40. h4 f5 41. Nd2 Rc2 42. Rd7+ Kf6 43. Kf3 Bb4 44. Ke3 f4+ 45. gxf4 exf4+ 46. Ke2 Ke6 47. Rd3 g5 48. hxg5 h5 49. Kd1 Ra2 50. Rd4 Bc5 51. Rc4 Bxf2 52. Nf3 Bg3 53. Rc6+ Ke7 54. g6 Ra3 55. Ne5 f3 56. g7 f2 57. Rc7+ Kd6 58. Rf7 Ra8 59. Ng6 Rg8 60. Ke2 Ke6 61. Rb7 h4 62. e5 h3 63. Rb6+ Kf7 64. Rf6+ Kxg7 65. Ne7 Bxe5 66. Nxg8 Bxf6 67. Nxf6 h2 68. Nh5+ Kh6 69. Ng3 1/2-1/2

[Event "Szansa Chess Open 2022"]
[Site "Warsaw"]
[Date "2022.09.18"]
[Round "9.2"]
[White "Jakubowski, Krzysztof"]
[Black "Nasuta, Grzegorz"]
[Result "1-0"]
[ECO "C58"]
[WhiteElo "2466"]
[BlackElo "2531"]
[Annotator "ChessBase"]
[PlyCount "99"]
[EventDate "2022.09.17"]
[EventCountry "POL"]
[SourceTitle "playchess.com"]
[Source "ChessBase"]
[SourceQuality "1"]
[TimeControl "900+10"]

1. e4 e5 2. Nf3 Nc6 3. Bc4 Nf6 4. Ng5 d5 5. exd5 Na5 6. Bb5+ c6 7. dxc6 bxc6 8. Bd3 Nd5 9. h4 h6 10. Qh5 Qf6 11. Nh7 Rxh7 12. Bxh7 g6 13. Qe2 Nf4 14. Qf3 Bb7 15. Nc3 Qg7 16. Ne4 f5 17. d4 fxe4 18. Qxe4 c5 19. Qxe5+ Qxe5+ 20. dxe5 Nxg2+ 21. Ke2 Kf7 22. h5 g5 23. Bg6+ Ke6 24. Rh3 Nc4 25. Rb3 Bd5 26. Rd3 Nxe5 27. Bf5+ Kd6 28. Ra3 Re8 29. Be3 Nc4 30. Ra6+ Kc7 31. Bg6 Re5 32. Rxa7+ Kb6 33. Rd7 Ncxe3 34. fxe3 Nxe3 35. Kd3 Bc6 36. Rf7 Bd6 37. c4 Ng2 38. a4 Nf4+ 39. Kc3 Re3+ 40. Kd2 Re2+ 41. Kd1 Rh2 42. a5+ Ka6 43. Ra3 Rh1+ 44. Kc2 Rh2+ 45. Kb1 Be5 46. Rb3 Ba4 47. Rbb7 Kxa5 48. Ra7+ Kb6 49. Rfb7+ Kc6 50. Be4+ 1-0

[Event "Szansa Chess Open 2022"]
[Site "Warsaw"]
[Date "2022.09.18"]
[Round "9.3"]
[White "Siekanska, Zuzanna"]
[Black "Gumularz, Szymon"]
[Result "0-1"]
[ECO "A40"]
[WhiteElo "1898"]
[BlackElo "2532"]
[Annotator "ChessBase"]
[PlyCount "136"]
[EventDate "2022.09.17"]
[EventCountry "POL"]
[SourceTitle "playchess.com"]
[Source "ChessBase"]
[SourceQuality "1"]
[TimeControl "900+10"]

1. d4 Nc6 2. c4 e5 3. d5 Nce7 4. e4 Nf6 5. Nc3 Ng6 6. Nf3 Bb4 7. Bd3 Bxc3+ 8. bxc3 d6 9. O-O O-O 10. a4 a5 11. c5 dxc5 12. c4 Ne8 13. Bb2 f6 14. g3 Nd6 15. Nd2 b6 16. f4 Re8 17. f5 Nf8 18. g4 c6 19. Qc2 cxd5 20. exd5 Ra7 21. Ne4 Nxe4 22. Bxe4 Nd7 23. Kh1 Ba6 24. Ra3 h6 25. h4 Nf8 26. Rg3 Nh7 27. Rfg1 Rf8 28. Bc1 Bc8 29. Qe2 Qd6 30. Kg2 Bd7 31. Qc2 Be8 32. Qb3 Rb7 33. Be3 Rff7 34. Kh1 Kf8 35. Rb1 Ke7 36. Rg2 Kd8 37. Rgb2 Kc8 38. Qd1 Kb8 39. Bf2 Ka7 40. Be3 Nf8 41. Bf2 Nd7 42. Be3 Nb8 43. Rg2 Na6 44. Qb3 Bd7 45. Rf1 Rf8 46. Kg1 Rbb8 47. Kf2 Nc7 48. Ke2 Ne8 49. Kd2 Qe7 50. Bg1 Nd6 51. Re2 h5 52. gxh5 Rh8 53. Qc3 Ka6 54. Rb1 Nxe4+ 55. Rxe4 Bxf5 56. Ree1 Bxb1 57. Rxb1 Rxh5 58. Rb5 Qc7 59. Qb3 Ka7 60. Bf2 Rhh8 61. Qc3 Ka6 62. Kc1 f5 63. d6 Qxd6 64. Bxc5 Qc6 65. Bf2 Rhd8 66. c5 Qe4 67. cxb6 Qxa4 68. Rb3 Rbc8 0-1

[Event "Szansa Chess Open 2022"]
[Site "Warsaw"]
[Date "2022.09.18"]
[Round "9.4"]
[White "Kokoszczynski, Jan"]
[Black "Kozak, Antoni"]
[Result "1/2-1/2"]
[ECO "D31"]
[WhiteElo "2313"]
[BlackElo "2434"]
[Annotator "ChessBase"]
[PlyCount "175"]
[EventDate "2022.09.17"]
[EventCountry "POL"]
[SourceTitle "playchess.com"]
[Source "ChessBase"]
[SourceQuality "1"]
[TimeControl "900+10"]

1. d4 d5 2. c4 e6 3. Nc3 c6 4. e4 dxe4 5. Nxe4 Bb4+ 6. Bd2 Qxd4 7. Bxb4 Qxe4+ 8. Be2 Na6 9. Bd6 Qxg2 10. Qd2 e5 11. Bxe5 Bf5 12. Bf3 Qg6 13. O-O-O Nc5 14. Qe3 Bb1 15. Bd6+ Ne6 16. Rd2 Nf6 17. b3 O-O-O 18. Ne2 Rxd6 19. Rg1 Rd3 20. Rxg6 Rxe3 21. Rxf6 Rxe2 22. Rxe2 gxf6 23. Kxb1 Nd4 24. Re3 Rg8 25. Kb2 Rg1 26. Kc3 Ne6 27. Be4 h5 28. Rh3 Rg5 29. Rf3 Rg4 30. Bf5 Rh4 31. Bxe6+ fxe6 32. Rxf6 Rxh2 33. Kd4 Rh1 34. Ke5 Kc7 35. Kxe6 a5 36. c5 Re1+ 37. Kf5 Rc1 38. Rf7+ Kb8 39. f4 Rxc5+ 40. Ke6 Rc2 41. Rh7 Re2+ 42. Kd6 Rd2+ 43. Ke6 Re2+ 44. Kd6 Rf2 45. Rxh5 Rxf4 46. Rxa5 b6 47. Re5 c5 48. Kc6 Ka7 49. Re8 Rf2 50. Kb5 Rxa2 51. Re7+ Kb8 52. Kxb6 Kc8 53. Kxc5 Ra6 54. b4 Rh6 55. b5 Kb8 56. Rd7 Rh8 57. Kb6 Rh6+ 58. Ka5 Rg6 59. Kb4 Rh6 60. Kc5 Rg6 61. Re7 Rg8 62. Re6 Rh8 63. Kc6 Rc8+ 64. Kb6 Rh8 65. Ka6 Ka8 66. Rg6 Kb8 67. Rf6 Ka8 68. b6 Kb8 69. Rf7 Rg8 70. Rb7+ Ka8 71. Ra7+ Kb8 72. Rh7 Ka8 73. Rf7 Kb8 74. Rc7 Rh8 75. Rd7 Rg8 76. Rd6 Rh8 77. Rc6 Rh1 78. Rc4 Ra1+ 79. Kb5 Rb1+ 80. Rb4 Rxb4+ 81. Kxb4 Kb7 82. Kb5 Kb8 83. Kc6 Kc8 84. Kd6 Kb7 85. Kc5 Kb8 86. Kc6 Kc8 87. b7+ Kb8 88. Kb6 1/2-1/2

[Event "Szansa Chess Open 2022"]
[Site "Warsaw"]
[Date "2022.09.18"]
[Round "9.5"]
[White "Golecki, Jan"]
[Black "Kosakowski, Jakub"]
[Result "0-1"]
[ECO "B13"]
[WhiteElo "2193"]
[BlackElo "2457"]
[Annotator "ChessBase"]
[PlyCount "110"]
[EventDate "2022.09.17"]
[EventCountry "POL"]
[SourceTitle "playchess.com"]
[Source "ChessBase"]
[SourceQuality "1"]
[TimeControl "900+10"]

1. e4 c6 2. d4 d5 3. exd5 cxd5 4. Bd3 Nc6 5. c3 Qc7 6. Ne2 Bg4 7. O-O e6 8. f3 Bh5 9. Bf4 Bd6 10. Qd2 Nge7 11. Na3 a6 12. c4 dxc4 13. Nxc4 Bxf4 14. Qxf4 O-O-O 15. Rac1 Qxf4 16. Nxf4 Rxd4 17. Be4 Bg6 18. Nxg6 hxg6 19. Ne5 f6 20. Nxc6 bxc6 21. Bxc6 Kb8 22. Rc3 Rhd8 23. Rb3+ Kc7 24. Be4 f5 25. Rc1+ Kd6 26. Rb6+ Ke5 27. Bc2 R8d6 28. Rb7 Nd5 29. Bb3 Ne3 30. g3 f4 31. Rxg7 fxg3 32. hxg3 Kf6 33. Rcc7 Rd2 34. Rcf7+ Kg5 35. Rh7 Rg2+ 36. Kh1 Rxb2 37. Rd7 Rxd7 38. Rxd7 Nf5 39. Bxe6 Nxg3+ 40. Kg1 Kf4 41. Bd5 Ne2+ 42. Kf1 Kg3 43. Be4 Nf4 44. Ke1 Rxa2 45. Rg7 Ra5 46. Kd2 Kf2 47. Kc3 g5 48. Kb4 Rb5+ 49. Kc4 Re5 50. Rg8 Ke3 51. Bc6 a5 52. Ra8 Ne6 53. Bd7 Kxf3 54. Bc6+ Ke3 55. Bd5 Rxd5 0-1

[Event "Szansa Chess Open 2022"]
[Site "Warsaw"]
[Date "2022.09.18"]
[Round "9.6"]
[White "Nguyen, Piotr"]
[Black "Kowalski, Igor"]
[Result "1/2-1/2"]
[ECO "A11"]
[WhiteElo "2421"]
[BlackElo "2344"]
[Annotator "ChessBase"]
[PlyCount "106"]
[EventDate "2022.09.17"]
[EventCountry "POL"]
[SourceTitle "playchess.com"]
[Source "ChessBase"]
[SourceQuality "1"]
[TimeControl "900+10"]

1. c4 c6 2. Nf3 d5 3. g3 g6 4. Bg2 Bg7 5. Qa4 dxc4 6. Qxc4 e5 7. Nc3 Ne7 8. d3 O-O 9. O-O Be6 10. Qh4 Nf5 11. Qxd8 Rxd8 12. Ng5 Bc8 13. b4 Nd4 14. Nge4 Bg4 15. f3 Be6 16. Bg5 Rf8 17. Nf6+ Kh8 18. Nfe4 Nd7 19. Nd6 Rab8 20. Rfc1 f6 21. Bd2 Rfd8 22. Kf1 Bf8 23. Nde4 Bxb4 24. e3 Nf5 25. Ke2 Kg7 26. Rab1 Ba3 27. Rc2 Nb6 28. g4 Ne7 29. Be1 f5 30. gxf5 gxf5 31. Ng5 Bg8 32. Bg3 Ng6 33. h4 f4 34. exf4 Nxf4+ 35. Bxf4 exf4 36. Bh3 Nd5 37. Rg1 Kh8 38. Nxd5 Bxd5 39. Bf5 Re8+ 40. Be4 Re7 41. Rg4 Bd6 42. Rc1 Bxa2 43. Ra1 Bg8 44. Rxa7 Bc5 45. Ra1 h6 46. Nh3 Be6 47. Nxf4 Bxg4 48. Ng6+ Kg7 49. Nxe7 Bxe7 50. Rg1 h5 51. fxg4 Bc5 52. Rg2 hxg4 53. Rxg4+ Kf6 1/2-1/2

[Event "Szansa Chess Open 2022"]
[Site "Warsaw"]
[Date "2022.09.18"]
[Round "9.7"]
[White "Lewtak, Damian"]
[Black "Padalka, Artem"]
[Result "1-0"]
[ECO "A05"]
[WhiteElo "2386"]
[BlackElo "2184"]
[Annotator "ChessBase"]
[PlyCount "113"]
[EventDate "2022.09.17"]
[EventCountry "POL"]
[SourceTitle "playchess.com"]
[Source "ChessBase"]
[SourceQuality "1"]
[TimeControl "900+10"]

1. Nf3 Nf6 2. b3 g6 3. Bb2 Bg7 4. g3 c5 5. Bg2 O-O 6. O-O d5 7. e3 Nc6 8. Ne5 Qd6 9. Nxc6 bxc6 10. d3 e5 11. Nd2 h5 12. c4 h4 13. Rc1 hxg3 14. hxg3 d4 15. exd4 exd4 16. Re1 Bh6 17. Rc2 Bg4 18. Bf3 Bxf3 19. Qxf3 Rfe8 20. Ne4 Nxe4 21. Rxe4 f5 22. Rxe8+ Rxe8 23. Kg2 Qe6 24. Bc1 Bg7 25. Bg5 Kf7 26. Rb2 Kg8 27. b4 cxb4 28. Rxb4 Qd7 29. Rb1 Qc7 30. Bf4 Qd7 31. Rb3 Bf6 32. Bd2 Bg7 33. Bg5 Qc7 34. Qd1 Qd7 35. Qb1 c5 36. Qd1 Qa4 37. Qf3 Qxa2 38. Rb7 Qa6 39. Qd5+ Qe6 40. Qxc5 Rc8 41. Qxa7 Qc6+ 42. Kh2 Be5 43. Rb6 Qc7 44. Qxc7 Rxc7 45. Rxg6+ Kf7 46. Rb6 Ra7 47. f4 Ra2+ 48. Kh3 Bg7 49. g4 Ra3 50. gxf5 Rxd3+ 51. Kg4 Rc3 52. Rb7+ Kg8 53. f6 Bf8 54. Kf5 Rxc4 55. Kg6 Rc6 56. Rd7 Bg7 57. Rxg7+ 1-0

[Event "Szansa Chess Open 2022"]
[Site "Warsaw"]
[Date "2022.09.18"]
[Round "9.8"]
[White "Zochowski, Kacper"]
[Black "Kulesza, Andrzej"]
[Result "1/2-1/2"]
[ECO "A05"]
[WhiteElo "2257"]
[BlackElo "2014"]
[Annotator "ChessBase"]
[PlyCount "138"]
[EventDate "2022.09.17"]
[EventCountry "POL"]
[SourceTitle "playchess.com"]
[Source "ChessBase"]
[SourceQuality "1"]
[TimeControl "900+10"]

1. Nf3 Nf6 2. c4 e6 3. g3 b6 4. Bg2 Bb7 5. O-O Be7 6. b3 O-O 7. Bb2 d5 8. e3 c5 9. Nc3 Nbd7 10. Qe2 Rc8 11. Rfd1 Qc7 12. cxd5 Nxd5 13. Nxd5 Bxd5 14. e4 Bb7 15. d4 cxd4 16. Nxd4 Nf6 17. Nb5 Qb8 18. Bxf6 Bxf6 19. e5 Bxg2 20. exf6 Qa8 21. Qg4 g6 22. Rd3 Rc5 23. Nd6 Rd5 24. Qf4 g5 25. Qd2 h6 26. Rxd5 Bxd5 27. h4 Qd8 28. Nf5 Qxf6 29. Nd4 gxh4 30. Qe3 Kh8 31. Kh2 Rg8 32. Rg1 Rg4 33. Ne2 Re4 34. Qc3 e5 35. Nf4 Rxf4 36. gxf4 Qxf4+ 37. Kh3 Be6+ 38. Kg2 Kh7 39. Kf1 Bf5 40. Qe3 Qxe3 41. fxe3 h3 42. Kf2 Be4 43. Kg3 Bg2 44. Rc1 Kg6 45. Rc7 a5 46. Rd7 Kf5 47. Rxf7+ Ke4 48. Re7 h5 49. a3 h4+ 50. Kh2 b5 51. a4 bxa4 52. bxa4 Bf1 53. Re8 Bg2 54. Re7 Bf3 55. Kxh3 Bd1 56. Ra7 Bxa4 57. Rxa5 Bc2 58. Kxh4 Kxe3 59. Rxe5+ Kd2 60. Kg3 Kc1 61. Kf2 Kb1 62. Ke2 Ka1 63. Kd2 Bb1 64. Kc3 Ba2 65. Kc2 Bb1+ 66. Kc1 Ba2 67. Re1 Bb1 68. Rg1 Be4 69. Rg4 Bb1 1/2-1/2

[Event "Szansa Chess Open 2022"]
[Site "Warsaw"]
[Date "2022.09.18"]
[Round "9.9"]
[White "Chomczyk, Marek"]
[Black "Rak, Maciej"]
[Result "1-0"]
[ECO "B24"]
[WhiteElo "2327"]
[BlackElo "1866"]
[Annotator "ChessBase"]
[PlyCount "77"]
[EventDate "2022.09.17"]
[EventCountry "POL"]
[SourceTitle "playchess.com"]
[Source "ChessBase"]
[SourceQuality "1"]
[TimeControl "900+10"]

1. e4 c5 2. Nc3 Nc6 3. Bb5 e6 4. Bxc6 dxc6 5. f4 Nf6 6. Nf3 c4 7. Qe2 b5 8. b3 cxb3 9. axb3 Bc5 10. Bb2 Bb7 11. d4 Bb6 12. O-O Bxd4+ 13. Nxd4 Qxd4+ 14. Kh1 O-O 15. Rad1 Qb6 16. e5 Nd5 17. Ne4 Qe3 18. Rde1 Qxe2 19. Rxe2 a5 20. Rf3 Rfc8 21. Nc5 Ba6 22. h4 a4 23. bxa4 b4 24. Re4 h5 25. f5 exf5 26. Rxf5 g6 27. Rg5 Kh7 28. g4 hxg4 29. Rexg4 Re8 30. h5 Bc8 31. hxg6+ fxg6 32. Rh4+ Kg7 33. e6+ Nc3 34. Rxb4 Kh6 35. Rbg4 Nd5 36. Rxg6+ Kh5 37. R6g5+ Kh6 38. Bc1 Rh8 39. Rh4# 1-0

[Event "Szansa Chess Open 2022"]
[Site "Warsaw"]
[Date "2022.09.18"]
[Round "9.10"]
[White "Jarzebowski, Kacper"]
[Black "Niezhentsev, Kyrylo"]
[Result "0-1"]
[ECO "B50"]
[WhiteElo "2106"]
[BlackElo "2009"]
[Annotator "TA"]
[PlyCount "81"]
[EventDate "2022.09.17"]
[EventCountry "POL"]
[SourceTitle "playchess.com"]
[Source "ChessBase"]
[SourceQuality "1"]
[TimeControl "900+10"]

1. e4 c5 2. Nf3 d6 3. g3 Nf6 4. Qe2 Nc6 5. Bg2 g6 6. O-O {[%emt 0:00:02] B50: Sicilian: 2...d6, Miscellaneous.} Bg7 7. c3 (7. e5 $5 Nd5 8. exd6 $11) 7... e5 8. Na3 {[%emt 0:00:09] The position is equal.} O-O 9. Nc2 Re8 {[%emt 0:00:39] [#]} 10. a4 $146 {[%emt 0:00:12] [#]} (10. Re1 $15) ({Predecessor:} 10. d3 d5 11. Bg5 d4 12. cxd4 cxd4 13. Qd2 Qd6 14. Na3 Be6 15. Rfc1 Rac8 16. Nc4 {0-1 (41) Certic,B (2394)-Zivkovic,S (2305) Belgrade 2014}) 10... b6 (10... Bg4 $6 11. Ne3 $11) ({Better is} 10... Nxe4 $1 $17 {And now ...d5 would win.} 11. Qxe4 Bf5) 11. Rd1 Bb7 (11... d5 $5 12. d3 d4 $15) 12. d3 Qd7 13. h4 Rad8 14. Bg5 h6 15. Bxf6 Bxf6 16. Ne3 Ne7 17. Nh2 d5 18. h5 d4 19. Nhg4 Bg7 20. cxd4 cxd4 21. Nc4 Nc6 22. Bh3 Qe7 (22... f5 23. Nh2 $14) 23. Qd2 Kh7 ({Resist} 23... gxh5 24. Nxh6+ Kf8 25. Nf5 $16) 24. hxg6+ (24. Nh2 $11) 24... fxg6 $17 25. Kg2 Bc8 (25... Ba6 $142 26. b3 Rf8) 26. Rh1 h5 27. Nh2 Bxh3+ 28. Kxh3 Rf8 29. Kg2 Bh6 $36 {[%emt 0:00:15][%mdl 2048] Keeping White busy.} 30. Qe2 Rc8 31. Nf3 Qf6 ({Black should play} 31... Rf6 $17 {White must now prevent ...Rcf8.} 32. Raf1 Rcf8) 32. Nh4 (32. b4 $11) 32... Na5 (32... Rc7 $17) 33. Ra3 (33. Nxg6 $1 $11 Kxg6 34. Qxh5+ Kh7 35. Nxe5 Qxf2+ 36. Kh3) 33... Qe6 34. b3 Rf6 35. Qd1 (35. Ra2 $17) 35... Nc6 $19 (35... Nxc4 36. bxc4 Rcf8 37. Ra2 $17) 36. Ra2 Nb4 37. Rb2 a6 (37... Rcf8 $19 {and Black stays clearly on top. Hoping for ...Kg7.} 38. Kg1 Kg7) 38. Nf3 $17 Rc5 {[%emt 0:00:28] Black is more active.} 39. Qb1 (39. Rb1 $17 {was called for.}) 39... b5 $19 ({Inferior is} 39... Rxf3 40. Kxf3 b5 41. axb5 (41. Kg2 $2 bxc4 42. bxc4 a5 $19) 41... axb5 42. Kg2 $11) 40. Ncd2 (40. axb5 axb5 41. Ncxe5 Rxe5 42. Nxe5 Qxe5 43. Qd1) 40... Qf7 {[%emt 0:00:31] aiming for ...Rc3.} ({Don't blunder} 40... Rc3 $2 41. Ne1 $19) 41. axb5 {[%emt 0:00:44] Weighted Error Value: White=0.39/Black=0.20 (precise)} 0-1

[Event "Szansa Chess Open 2022"]
[Site "Warsaw"]
[Date "2022.09.18"]
[Round "9.11"]
[White "Czarnecka, Lidia"]
[Black "Alvarado, Carlos"]
[Result "1-0"]
[ECO "B15"]
[WhiteElo "1957"]
[BlackElo "2108"]
[Annotator "TA"]
[PlyCount "55"]
[EventDate "2022.09.17"]
[EventCountry "POL"]
[SourceTitle "playchess.com"]
[Source "ChessBase"]
[SourceQuality "1"]
[TimeControl "900+10"]

1. e4 c6 2. d4 d5 3. Nc3 dxe4 4. Nxe4 Nf6 5. Nxf6+ exf6 6. Be3 Bd6 {[%emt 0:00:08] B15: Caro-Kann: 3 Nc3: 3...g6 and 3...dxe4 4 Nxe4 Nf6 5 Nxf6+ exf6.} 7. Bd3 O-O 8. Ne2 Na6 {[%emt 0:00:06] The position is equal.} 9. c3 {[%emt 0:00:05][%cal Bc2c3,Bc3c4][%mdl 32] Against Nb4} Nc7 10. Qc2 h6 11. O-O Re8 12. c4 Ne6 {[%emt 0:01:06] [#]} 13. Rfe1 $146 ({Predecessor:} 13. Rad1 Nf8 14. Ng3 Bg4 15. Rd2 Bb4 16. h3 Bxd2 17. Qxd2 Be6 18. Bxh6 g6 19. Qc3 {0-1 (54) Saurabh,A (2072)-Kunal,M (2298) Chennai 2017}) 13... Bd7 14. h3 Rc8 15. Rad1 Bb8 16. Qb3 Qc7 {[%emt 0:00:28] [#] aiming for ...Qh2+.} 17. Ng3 {[%emt 0:00:03] Active counter play!} b6 18. Bc2 Nf8 19. Qd3 Rcd8 20. Qc3 Be6 21. Nf1 f5 22. Bc1 f4 23. b3 g5 $2 {[%emt 0:00:18][%mdl 8192] Black cannot hold the game after this.} (23... Qc8 $14) 24. Bb2 f6 25. d5 cxd5 (25... Qg7 $142 26. dxe6 Rxd1) 26. Qxf6 $18 {[%emt 0:00:03] [#] White wants to mate with Qh8+. White is clearly winning.} d4 27. Rxd4 Qe7 {[%emt 0:01:54] Inhibits Rd7.} 28. Rxd8 {Weighted Error Value: White=0.10 (very precise) /Black=0.42} 1-0

[Event "Szansa Chess Open 2022"]
[Site "Warsaw"]
[Date "2022.09.18"]
[Round "9.12"]
[White "Kaczmarska, Joanna"]
[Black "Lapaj, Mateusz"]
[Result "0-1"]
[ECO "A05"]
[WhiteElo "1948"]
[BlackElo "2216"]
[Annotator "TA"]
[PlyCount "84"]
[EventDate "2022.09.17"]
[EventCountry "POL"]
[SourceTitle "playchess.com"]
[Source "ChessBase"]
[SourceQuality "1"]
[TimeControl "900+10"]

1. Nf3 Nf6 2. g3 g6 3. Bg2 Bg7 4. O-O O-O 5. d3 d5 6. Nbd2 c5 7. e4 Nc6 8. c3 Qc7 9. Qe2 dxe4 10. dxe4 e5 {[%emt 0:03:17] A08: King's Indian Attack.} 11. a4 b6 {[%emt 0:00:11] [#]} 12. Nh4 $146 {[%emt 0:01:56] [#]} (12. Re1 $11 {remains equal.}) ({Predecessor:} 12. Re1 Rd8 13. Nf1 h6 14. N3d2 Bg4 15. f3 Be6 16. Ne3 Na5 17. Nec4 Nc6 18. Qf1 {½-½ (27) Blanco Gramajo,C (2552)-Dos Santos,M (2433) ICCF email 2011}) 12... Bb7 (12... Na5 $1 $17) 13. f4 (13. Re1 $15) 13... Rad8 $17 14. Ndf3 exf4 15. gxf4 Rfe8 {[%emt 0:00:46] Black is more active.} 16. e5 Nd7 $2 (16... Na5 $19 {White must now prevent ...Nb3.} 17. Ng5 h6 18. Bxb7 Qxb7) 17. Ng5 $11 Nf8 {[%emt 0:00:32] Prevents e6.} 18. Ne4 Na5 $1 19. Nd6 $2 {[%emt 0:00:37][%mdl 8192] This costs White the game.} ({Better is} 19. Be3 $15) 19... Qxd6 $1 $19 20. b4 Nc6 21. bxc5 Qxc5+ 22. Be3 Qe7 23. Qb5 Qxh4 24. Bxc6 Qg4+ 25. Kh1 Bxc6+ 26. Qxc6 Qd7 27. Qg2 Qd5 28. Rf3 f6 29. exf6 Bxf6 30. f5 Bxc3 31. Rg1 Bg7 32. Bg5 Rd7 33. f6 Bh8 34. Rgf1 Rf7 35. h4 Ne6 36. Qe2 Ref8 37. Bh6 Nd4 38. Qd3 Rd8 {[%emt 0:00:03] [#] Hoping for ...Rxf6.} 39. Rd1 Bxf6 40. Rdf1 Nxf3 {[%emt 0:00:05] Black mates.} 41. Qxd5 Rxd5 42. Rxf3 Bg7 {[%emt 0:00:08] Weighted Error Value: White=0.85/Black=0.38} 0-1